 Dungeon Crawl Stone Soup version 0.26-a0-498-g0fdccc9 (webtiles) character file.

Game seed: 11244481909527792401

90342 Firecrotchwizard the Evangelist (level 16, -4/155 HPs)
             Began as a Hill Orc Fire Elementalist on July 25, 2020.
             Was an Elder of Beogh.
             Slain by a wolf spider (6 damage)
             ... on level 4 of the Spider Nest on Aug 6, 2020.
             The game lasted 02:19:03 (37574 turns).

Firecrotchwizard the Evangelist (HOFE)             Turns: 37574, Time: 02:19:04

Health: -4/155     AC: 25    Str: 13    XL:     16   Next: 0%
Magic:  37/37      EV: 11    Int: 20    God:    Beogh [****..]
Gold:   1201       SH:  0    Dex: 11    Spells: 9/22 levels left

rFire    + . .     SeeInvis .   l - +8 demon trident (flame)
rCold    x x .     Faith    .   (no shield)
rNeg     . . .     Spirit   .   x - quicksilver dragon scales
rPois    +         Reflect  .   W - +0 helmet of the Trout {rPois rC- rCorr}
rElec    .         Harm     .   t - +2 cloak
rCorr    +                      B - +2 pair of gloves
MR       ++...                  F - +2 pair of boots
Stlth    +.........             E - amulet of regeneration {+regen, !d}
HPRegen  0.75/turn              e - ring of magical power {MP+9}
MPRegen  0.25/turn              s - ring of fire {rF+, rC-}

@: no status effects
A: no striking features
a: Smiting, Recall Orcish Followers, Renounce Religion


You were on level 4 of the Spider Nest.
You worshipped Beogh.
Beogh was greatly pleased with you.
You visited 4 branches of the dungeon, and saw 26 of its levels.

You collected 2601 gold pieces.
You spent 1400 gold pieces at shops.

Inventory:

Hand Weapons
 l - a +8 demon trident of flaming (weapon)
   (You took it off Urug on level 4 of the Lair of Beasts)
 y - a +0 battleaxe
   (You found it on level 14 of the Dungeon)
Missiles
 C - a throwing net {=f, !d}
 G - 10 javelins (quivered)
 Y - 4 curare-tipped darts
Armour
 t - a +2 cloak (worn)
   (You took it off Maurice on level 8 of the Dungeon)
 x - quicksilver dragon scales (worn)
   (You bought it in a shop on level 1 of the Orcish Mines)
 B - a +2 pair of gloves (worn)
   (You found it on level 12 of the Dungeon)
 F - a +2 pair of boots (worn)
   (You found it on level 8 of the Dungeon)
 T - a +2 hat of magic resistance
   (You took it off Gastronok on level 1 of the Lair of Beasts)
 W - the +0 helmet of the Trout (worn) {rPois rC- rCorr}
   (You bought it in a shop on level 2 of the Orcish Mines)

   It makes you vulnerable to cold.
   It protects you from poison.
   It provides partial protection from all sources of acid and corrosion.
Jewellery
 d - an uncursed ring of positive energy {rN+}
   (You found it on level 4 of the Lair of Beasts)
 e - a ring of magical power (left hand) {MP+9}
   (You found it on level 1 of the Dungeon)
 s - a ring of fire (right hand) {rF+, rC-}
   (You found it on level 5 of the Lair of Beasts)
 E - an amulet of regeneration (around neck) {+regen, !d}
   (You found it on level 8 of the Dungeon)
 H - a +4 ring of evasion
   (You found it on level 9 of the Dungeon)
 N - an uncursed ring of protection from cold {rC+, !d}
   (You found it on level 10 of the Dungeon)
Wands
 k - a wand of digging (16)
   (You found it on level 13 of the Dungeon)
 z - a wand of acid (18)
   (You found it on level 6 of the Dungeon)
 A - a wand of polymorph (10)
   (You found it on level 6 of the Dungeon)
 J - a wand of enslavement (19)
   (You found it on level 11 of the Dungeon)
 M - a wand of iceblast (16)
   (You found it on level 13 of the Dungeon)
Scrolls
 a - a scroll of fear
 h - 3 scrolls of identify
 n - 10 scrolls of teleportation
 u - 3 scrolls of blinking {!r}
 v - 2 scrolls of enchant armour
 D - a scroll of brand weapon
 I - a scroll of silence
 K - a scroll of vulnerability {!r!r}
 L - a scroll of summoning
 Q - 4 scrolls of fog
 R - 5 scrolls of remove curse
 U - 3 scrolls of immolation {!r}
 V - 4 scrolls of magic mapping {!r}
 X - a scroll of torment {!r}
 Z - 5 scrolls of amnesia
Potions
 b - 3 potions of ambrosia
 c - 6 potions of resistance
 f - 6 potions of lignification {!q}
 g - 7 potions of mutation {!q}
 i - 7 potions of cancellation
 j - 8 potions of brilliance
 m - 2 potions of flight
 p - 6 potions of stabbing
 q - a potion of magic
 w - 3 potions of might
 O - 4 potions of haste
 P - 7 potions of curing
 S - 3 potions of berserk rage {!q}
Miscellaneous
 o - a box of beasts (3/3)
   (You found it on level 3 of the Spider Nest)


   Skills:
 + Level 17.0 Fighting
 * Level 13.3 Polearms
 - Level 10.6 Armour
 - Level 1.5 Dodging
 - Level 1.5 Stealth
 - Level 3.5 Spellcasting
 - Level 8.0 Conjurations
 - Level 8.1 Fire Magic
 + Level 17.2 Invocations


You had 9 spell levels left.
You knew the following spells:

 Your Spells              Type           Power        Failure   Level
a - Foxfire               Conj/Fire      ####         1%          1
c - Conjure Flame         Conj/Fire      ######..     2%          3
f - Fireball              Conj/Fire      ######....   24%         5
s - Sticky Flame          Conj/Fire      ######..     9%          4

Your spell library contained the following spells:

 Spells                   Type           Power        Failure   Level
 Shock                    Conj/Air       ###.         4%          1
 Inner Flame              Hex/Fire       ####....     14%         3
 Static Discharge         Conj/Air       ###.....     14%         3
 Stone Arrow              Conj/Erth      ###...       14%         3
 Animate Skeleton         Necr           #.....       24%         1
 Apportation              Tloc           #.....       24%         1
 Freeze                   Ice            #...         24%         1
 Pain                     Necr           #...         24%         1
 Sandblast                Erth           #.....       24%         1
 Mephitic Cloud           Conj/Pois/Air  ##......     24%         3
 Iskenderun's Battlesphe  Conj           #####...     26%         5
 Passwall                 Tmut/Erth      #.......     36%         2
 Poisonous Vapours        Pois/Air       #.....       36%         2
 Swiftness                Air            #.......     36%         2
 Hailstorm                Conj/Ice       ###.....     43%         4
 Frozen Ramparts          Ice            #.....       58%         3
 Lesser Beckoning         Tloc           #.........   58%         3
 Ozocubu's Armour         Ice            #.......     58%         3
 Tukima's Dance           Hex            #.......     58%         3
 Vampiric Draining        Necr           #.........   58%         3
 Bolt of Magma            Conj/Fire/Erth #####.....   58%         5
 Lightning Bolt           Conj/Air       ###.......   78%         5
 Airstrike                Air            #.........   94%         4
 Animate Dead             Necr           #.........   94%         4
 Petrify                  Tmut/Erth      #.......     94%         4
 Summon Ice Beast         Ice/Summ       #.......     94%         4
 Agony                    Necr           #.......     100%        5
 Alistair's Intoxication  Tmut/Pois      #........    100%        5
 Borgnjor's Vile Clutch   Necr/Erth      #.........   100%        5
 Lee's Rapid Deconstruct  Erth           #.........   100%        5
 Death Channel            Necr           #.........   100%        6
 Freezing Cloud           Conj/Ice/Air   ##........   100%        6
 Invisibility             Hex            #.......     100%        6
 Iron Shot                Conj/Erth      ###.......   100%        6
 Simulacrum               Ice/Necr       #.........   100%        6
 Orb of Destruction       Conj           #####.....   100%        7
 Spellforged Servitor     Conj/Summ      ###.......   100%        7


Dungeon Overview and Level Annotations

Branches:
Dungeon (14/15)            Temple (0/1) D:7            Lair (6/6) D:8
 Shoals (0/4) Lair:3       Spider (4/4) Lair:2        Slime (0/5) Lair:6
    Orc (2/2) D:9             Elf (0/3) Orc:2        Vaults (0/5) D:14

Altars:
Cheibriados
Dithmenos
Elyvilon
Fedhas
Gozag
Hepliaklqana
Kikubaaqudgha
Makhleb
Nemelex Xobeh
Qazlal
Sif Muna
Trog
Uskayaw
Vehumet
Zin
The Shining One

Shops:
D:10 [   D:13 !   Orc:1 [   Orc:2 *[*[

Annotations:
D:3 2 transporters
Lair:2 2 transporters, LobsterGuardian's ghost, journeyman KoCj
Spider:1 3 runed translucent doors, brasw1bg's ghost, adept PaDe
Spider:2 3 runed translucent doors, Ukyge's ghost, adept VSNe


Message History

The demonic crawler hits you but does no damage. x2
Olfrun hits the demonic crawler from afar with a +0 trident.
The jumping spider leaps!
An entropy weaver comes into view.
Your orc wizard hits the demonic crawler but does no damage.
You puncture the demonic crawler!
The wolf spider hits you but does no damage.
The wolf spider closely misses you.
The demonic crawler hits you but does no damage.
The demonic crawler misses you.
The demonic crawler hits you but does no damage.
Olfrun hits the demonic crawler but does no damage.
You strike the helpless demonic crawler from behind!
You hit the demonic crawler but do no damage.
The wolf spider hits you.
The wolf spider bites you but does no damage.
Your orc wizard hits the demonic crawler but does no damage.
The demonic crawler hits your orc wizard.
The demonic crawler hits your orc wizard!
Your orc wizard dies!
The demonic crawler gives a hideous shriek!
You take 6 damage, and have 45/147 hp.
You barely miss the demonic crawler.
The wolf spider hits you but does no damage.
The wolf spider bites you but does no damage.
Olfrun hits the demonic crawler but does no damage.
You puncture the demonic crawler! You burn the demonic crawler.
The demonic crawler closely misses you. x2; The demonic crawler hits you.
* * * LOW HITPOINT WARNING * * *
The wolf spider hits you.
* * * LOW HITPOINT WARNING * * *
The wolf spider closely misses you.
The entropy weaver evades a web.
The jumping spider leaps!
You take 9 damage, and have 37/147 hp.
You puncture the demonic crawler!
The demonic crawler hits you but does no damage. x2
The demonic crawler barely misses you. The wolf spider hits you!
* * * LOW HITPOINT WARNING * * *
The wolf spider bites you but does no damage.
Olfrun hits the demonic crawler but does no damage.
You take 9 damage, and have 28/147 hp.
You hit the demonic crawler but do no damage.
The demonic crawler barely misses you.
The demonic crawler hits you but does no damage.
The demonic crawler completely misses you.
You puncture the demonic crawler!
Olfrun hits the demonic crawler from afar with a +0 trident.
The wolf spider hits you but does no damage.
The wolf spider bites you but does no damage.
The jumping spider pounces on you.
* * * LOW HITPOINT WARNING * * *
The jumping spider bites you but does no damage.
The demonic crawler hits you but does no damage.
The demonic crawler hits you.
* * * LOW HITPOINT WARNING * * *
The demonic crawler hits you but does no damage.
You take 2 damage, and have 26/147 hp.
You impale the demonic crawler!!
You kill the demonic crawler!
Beogh accepts your kill.
You have reached level 16!
The jumping spider pounces on you.
* * * LOW HITPOINT WARNING * * *
The jumping spider bites you but does no damage.
The wolf spider closely misses you. The wolf spider barely misses you.
You take 1 damage, and have 25/155 hp.
MP restored: 37 You closely miss the entropy weaver.
Olfrun invokes the aid of Beogh against the wolf spider.
The wolf spider struggles to resist.
The jumping spider leaps!
The wolf spider closely misses you.
The wolf spider bites you but does no damage.
You impale the entropy weaver!! You burn the entropy weaver!
The entropy weaver barely misses you.
The entropy weaver hits you but does no damage.
The entropy weaver completely misses you.
The entropy weaver hits you but does no damage.
Olfrun casts a cantrip, but nothing happens.
The wolf spider hits you but does no damage.
The wolf spider completely misses you.
The jumping spider leaps!
You puncture the entropy weaver! You burn the entropy weaver.
The entropy weaver hits you.
* * * LOW HITPOINT WARNING * * *
The entropy weaver hits you!
* * * LOW HITPOINT WARNING * * *
The entropy weaver hits you but does no damage.
The entropy weaver closely misses you. The wolf spider hits you.
* * * LOW HITPOINT WARNING * * *
The wolf spider bites you!
* * * LOW HITPOINT WARNING * * *
You hit the entropy weaver but do no damage.
Olfrun calls down the wrath of Beogh upon the wolf spider.
The wolf spider is smitten.
The entropy weaver hits you but does no damage. x2
The entropy weaver misses you. The entropy weaver hits you.
* * * LOW HITPOINT WARNING * * *
You puncture the entropy weaver! You burn the entropy weaver.
The wolf spider hits you but does no damage.
The wolf spider bites you.
You die...

#.....†..^..$..
##........^....
#..^...#........ .
##.....#.†^^≈..^ #^#
#..^.###†^^##### ..^.
#^.###..^.^..^.^
##...####.#..^.......
..^s..^#..).†..^.....
.^.^..a@.(.......(...
##....^so....^.^^^.^.
.°.............^#####
#(##.......^.....^^ .
####^..###......
##### #...^. ..^^.
#####


You could see an entropy weaver, a wolf spider, a jumping spider and the
friendly Olfrun the orc priest.

Vanquished Creatures
  2 emperor scorpions
  A ghost moth (Spider:4)
  2 entropy weavers (Lair:5)
  2 spark wasps
  An ettin (D:12)
  A vault guard (D:14)
  A hydra (D:12)
  A centaur warrior (D:13)
  A death knight (D:12)
  A two-headed ogre (D:8)
  An orc high priest (Orc:2)
  Urug (Lair:4)
  An unseen horror (D:14)
  A wizard (D:14)
  2 orc sorcerers (Orc:2)
  16 orb spiders
  10 wolf spiders
  A wolf spider zombie (D:14)
  Maurice (D:8)
  An elephant (Lair:3)
  An eye of devastation (Lair:5)
  A gargoyle (D:14)
  3 cane toads
  2 rime drakes
  A yaktaur (D:14)
  A tengu conjurer (D:14)
  2 komodo dragons (Lair:6)
  5 demonic crawlers
  13 jumping spiders
  4 hornets
  Prince Ribbit (D:8)
  Grinder (D:6)
  13 blink frogs
  8 hippogriffs
  A dream sheep (Lair:4)
  A snapping turtle (Lair:3)
  A shadow (D:9)
  Sigmund (D:4)
  13 yaks
  17 redbacks
  A wraith (D:12)
  A basilisk (Lair:2)
  14 tarantellas
  A vampire mosquito (D:14)
  4 soldier ants
  4 water moccasins
  Duvessa (D:7)
  7 porcupines
  2 phantoms
  A swamp drake (Lair:1)
  An eye of draining (D:12)
  3 sky beasts
  3 wolves
  5 ogres
  7 centaurs
  8 crocodiles
  9 bullfrogs
  Dowan (D:7)
  A wyvern skeleton (D:11)
  9 scorpions
  A troll zombie (D:9)
  13 wights
  9 killer bees
  An electric eel (Lair:3)
  4 howler monkeys (D:8)
  A bullfrog zombie (D:11)
  2 lava snakes (D:14)
  A centaur zombie (D:6)
  4 hounds
  An orc priest (D:4)
  A bullfrog skeleton (D:6)
  3 jellies
  A centaur skeleton (D:8)
  2 iguanas
  9 orc wizards
  21 worker ants
  2 ogre zombies (D:9)
  A hound zombie (D:6)
  3 worker ant zombies
  16 adders
  4 gnolls (D:8)
  3 shadow imps
  3 white imps
  An ufetubus (D:10)
  An adder skeleton (D:8)
  An adder zombie (D:9)
  A worm (D:6)
  A dart slug (D:4)
  3 leopard geckos
  16 orcs
  4 ball pythons
  10 giant cockroaches
  5 goblins
  5 hobgoblins
  8 jackals
  A quokka (D:5)
  18 bats
  5 frilled lizards
  A giant cockroach zombie (D:6)
  A goblin skeleton (D:9)
  3 goblin zombies (D:9)
  2 hobgoblin zombies (D:9)
  6 kobolds
  A leopard gecko skeleton (D:6)
  An orc skeleton (D:9)
  5 orc zombies (D:9)
  A quokka skeleton (D:8)
  4 rats
  2 fungi
434 creatures vanquished.

Vanquished Creatures (collateral kills)
  Bai Suzhen (Spider:3)
  Gastronok (Lair:1)
  A sphinx (D:12)
  An orc warlord (Orc:1)
  An entropy weaver (Spider:1)
  A spark wasp (Spider:4)
  Fannar (Lair:2)
  5 hydras
  A rakshasa (D:13)
  Erolcha (Orc:1)
  4 vault guards (D:14)
  Erica (Orc:2)
  A two-headed ogre (D:10)
  3 centaur warriors
  A death knight (D:13)
  A queen ant (Lair:5)
  An orc high priest (Orc:2)
  Nergalle (D:11)
  3 orc knights
  2 orc sorcerers (Orc:2)
  11 wolf spiders
  2 manticores
  A moth of wrath (Spider:3)
  2 elephants (Lair:3)
  An elephant (shapeshifter) (D:13)
  2 black mambas
  2 gargoyles
  2 torpor snails
  4 cane toads
  6 komodo dragons
  A kobold demonologist (D:14)
  A freezing wraith (D:12)
  A centaur skeleton (D:14)
  2 rime drakes (Lair:6)
  4 demonic crawlers
  A queen bee (Lair:3)
  A tengu conjurer (D:14)
  A polar bear (Lair:3)
  2 hornets
  14 jumping spiders
  3 trolls
  17 blink frogs
  5 hippogriffs
  27 redbacks
  A redback (shapeshifter) (D:14)
  2 shadows
  12 tarantellas
  A wyvern (D:12)
  3 wraiths
  A vampire (D:14)
  18 yaks
  2 basilisks
  2 vampire mosquitoes (D:14)
  3 wargs
  A two-headed ogre zombie (D:9)
  5 soldier ants
  4 porcupines
  11 water moccasins
  9 orc warriors
  3 sky beasts
  2 black bears (Lair:3)
  An eye of draining (Lair:5)
  4 ogres
  3 wolves
  4 centaurs
  9 crocodiles
  4 bullfrogs
  A scorpion (D:9)
  2 troll zombies (D:9)
  13 killer bees
  8 wights
  2 jellies
  8 orc priests
  3 orc wizards
  12 worker ants
  2 ogre zombies (D:9)
  A hound zombie (D:9)
  A hound skeleton (D:11)
  A shadow imp (D:10)
  A white imp (D:10)
  An adder zombie (D:8)
  6 orcs
  2 goblin skeletons (D:9)
  A goblin zombie (D:9)
  2 hobgoblin skeletons (D:9)
  2 hobgoblin zombies (D:9)
  6 orc zombies (D:9)
  2 fungi
  3 plants
330 creatures vanquished.

Vanquished Creatures (others)
  3 orc sorcerers
  11 orc warriors
  An orc knight (Orc:2)
  14 orc wizards
  11 orc priests
  33 orcs
  A jackal skeleton (D:4)
  585 foxfires
  8 fungi
  5 plants
672 creatures vanquished.

Grand Total: 1436 creatures vanquished

Notes
Turn   | Place    | Note
-------+----------+-------------------------------------------
     0 | D:1      | Firecrotchwizard the Hill Orc Fire Elementalist began the
                  | quest for the Orb.
     0 | D:1      | Reached XP level 1. HP: 14/14 MP: 3/3
   293 | D:1      | Reached XP level 2. HP: 8/20 MP: 1/4
  1137 | D:1      | Reached skill level 2 in Conjurations
  1506 | D:2      | Reached XP level 3. HP: 26/26 MP: 5/5
  1646 | D:2      | Reached skill level 2 in Spellcasting
  2034 | D:3      | Reached XP level 4. HP: 33/33 MP: 7/7
  2058 | D:3      | Found a stormy altar of Qazlal.
  2059 | D:3      | Noticed an earth elemental
  2098 | D:3      | Noticed a fire elemental
  2098 | D:3      | Noticed an air elemental
  2098 | D:3      | Noticed a water elemental
  2491 | D:3      | Reached skill level 3 in Conjurations
  2491 | D:3      | Reached skill level 4 in Fire Magic
  2729 | D:3      | Found a sparkling altar of Nemelex Xobeh.
  2736 | D:3      | Found a transporter.
  2740 | D:3      | Noticed a yak
  2745 | D:3      | Found a transporter.
  2959 | D:3      | Reached XP level 5. HP: 33/38 MP: 8/8
  2964 | D:3      | Learned a level 3 spell: Conjure Flame
  3168 | D:4      | Became a worshipper of Beogh the Brigand
  3185 | D:4      | Noticed Sigmund
  3343 | D:4      | Killed Sigmund
  3343 | D:4      | Reached skill level 4 in Conjurations
  3343 | D:4      | Reached XP level 6. HP: 32/45 MP: 10/10
  3489 | D:4      | Reached skill level 3 in Spellcasting
  3696 | D:4      | Reached skill level 5 in Conjurations
  3696 | D:4      | Reached skill level 5 in Fire Magic
  3696 | D:4      | Reached XP level 7. HP: 50/50 MP: 11/11
  3812 | D:4      | HP: 12/50 [poisoned by a scorpion]
  3817 | D:4      | HP: 6/50 [poisoned by a scorpion]
  3823 | D:4      | HP: 4/50 [poisoned by a scorpion]
  3830 | D:4      | HP: 3/50 [poisoned by a scorpion]
  3838 | D:3      | HP: 3/50 [poisoned by a scorpion]
  4667 | D:4      | Reached skill level 1 in Fighting
  4667 | D:4      | Reached XP level 8. HP: 59/59 MP: 13/13
  4687 | D:4      | Reached skill level 2 in Fighting
  4687 | D:4      | Reached skill level 6 in Conjurations
  4687 | D:4      | Reached skill level 6 in Fire Magic
  4892 | D:4      | Reached * piety under Beogh
  5325 | D:4      | Found a snail-covered altar of Cheibriados.
  5486 | D:5      | Entered Level 5 of the Dungeon
  5535 | D:5      | Learned a level 4 spell: Sticky Flame
  5548 | D:5      | Reached skill level 3 in Fighting
  5707 | D:5      | Found a bloodstained altar of Trog.
  7194 | D:5      | Reached skill level 4 in Fighting
  7194 | D:5      | Reached skill level 7 in Fire Magic
  7355 | D:5      | Found a hazy altar of Hepliaklqana.
  7560 | D:6      | Reached skill level 7 in Conjurations
  7835 | D:6      | Reached XP level 9. HP: 52/73 MP: 14/14
  7950 | D:6      | Reached skill level 5 in Fighting
  7950 | D:6      | HP: 9/74 [ogre/+0 giant spiked club (27)]
  8465 | D:6      | Noticed Grinder
  8474 | D:6      | Killed Grinder
  8474 | D:6      | Reached skill level 8 in Fire Magic
  8623 | D:6      | Found a hide-covered altar of Uskayaw.
  8627 | D:6      | Found a glowing golden altar of the Shining One.
  8627 | D:6      | Found a blossoming altar of Fedhas.
  8631 | D:6      | Found a shimmering blue altar of Sif Muna.
  8632 | D:6      | Found an opulent altar of Gozag.
  8716 | D:6      | Reached ** piety under Beogh
  8792 | D:6      | Reached skill level 6 in Fighting
  8792 | D:6      | Reached skill level 1 in Armour
  8868 | D:6      | HP: 18/75 [wight/+3 scimitar of freezing (2)]
  9260 | D:6      | Found a radiant altar of Vehumet.
  9569 | D:6      | Reached skill level 8 in Conjurations
  9729 | D:7      | Reached skill level 2 in Armour
  9732 | D:7      | Reached skill level 1 in Invocations
  9759 | D:7      | HP: 19/78 [poisoned by a killer bee]
  9764 | D:7      | HP: 19/78 [poisoned by a killer bee]
  9772 | D:7      | HP: 18/78 [poisoned by a killer bee]
 10178 | D:7      | Reached skill level 2 in Invocations
 10287 | D:7      | Found a staircase to the Ecumenical Temple.
 10331 | D:7      | Reached skill level 7 in Fighting
 10331 | D:7      | Reached skill level 3 in Armour
 10511 | D:7      | Reached skill level 3 in Invocations
 10518 | D:7      | Noticed Dowan
 10687 | D:7      | Noticed Duvessa
 10702 | D:7      | Killed Duvessa
 10706 | D:7      | HP: 17/79 [poisoned by Dowan]
 10707 | D:7      | Killed Dowan
 10716 | D:7      | HP: 19/79 [poisoned by Dowan]
 10721 | D:7      | HP: 15/79 [poisoned by Dowan]
 10726 | D:7      | HP: 13/79 [poisoned by Dowan]
 10732 | D:7      | HP: 11/79 [poisoned by Dowan]
 10738 | D:7      | HP: 10/79 [poisoned by Dowan]
 10746 | D:7      | HP: 10/79 [poisoned by Dowan]
 11076 | D:7      | Reached XP level 10. HP: 86/86 MP: 15/15
 11588 | D:8      | Noticed Maurice
 11623 | D:8      | Reached skill level 4 in Armour
 11623 | D:8      | Reached skill level 4 in Invocations
 11775 | D:8      | Found a staircase to the Lair.
 11789 | D:8      | Noticed Prince Ribbit
 11795 | D:8      | Killed Prince Ribbit
 11823 | D:8      | Reached *** piety under Beogh
 12063 | D:8      | Reached skill level 8 in Fighting
 12065 | D:8      | Reached skill level 5 in Invocations
 12099 | D:8      | Killed Maurice
 12099 | D:8      | Reached skill level 5 in Armour
 12110 | D:8      | Found a white marble altar of Elyvilon.
 12182 | D:8      | Found an ancient bone altar of Kikubaaqudgha.
 12419 | D:8      | Found a burning altar of Makhleb.
 12669 | D:8      | Noticed a two-headed ogre
 12675 | D:8      | Killed a two-headed ogre
 12675 | D:8      | Reached skill level 6 in Invocations
 12745 | D:9      | Found a staircase to the Orcish Mines.
 12908 | D:9      | Found a glowing silver altar of Zin.
 13106 | D:9      | Reached skill level 9 in Fighting
 13106 | D:9      | Reached skill level 6 in Armour
 13269 | D:9      | Reached skill level 7 in Invocations
 13652 | D:9      | Reached **** piety under Beogh
 13786 | D:9      | Reached XP level 11. HP: 89/97 MP: 16/16
 14119 | D:9      | Gained Morguth as an ally
 14223 | D:9      | Got a bloodstained great sword
 14224 | D:9      | Identified the cursed +0 great sword of the Scavenger
                  | {vorpal, *Drain +Inv Str+2} (You found it on level 9 of the
                  | Dungeon)
 14917 | D:10     | Entered Level 10 of the Dungeon
 15101 | D:10     | Reached skill level 7 in Armour
 15104 | D:10     | Reached skill level 8 in Invocations
 15161 | D:10     | Found Fehov's Antique Armour Shoppe.
 15173 | D:10     | Bought a helmet for 85 gold pieces
 15714 | Lair:1   | Entered Level 1 of the Lair of Beasts
 15736 | D:8      | Reached skill level 10 in Fighting
 16231 | Lair:1   | You fall into a shaft and drop 1 floor!
 16434 | Lair:2   | Found a transporter.
 16438 | Lair:2   | Identified the +3 spear "Oforiwn" {antimagic, MR+}
 16438 | Lair:2   | Noticed a spriggan rider
 16439 | Lair:2   | Found a bloodstained altar of Trog.
 16439 | Lair:2   | Noticed a moth of wrath
 16440 | Lair:2   | Found a transporter.
 16449 | Lair:2   | Identified the +7 trident "Abuisied" {antimagic, rF+}
 16449 | Lair:2   | Noticed a spriggan rider
 16450 | Lair:2   | Noticed LobsterGuardian's ghost (journeyman KoCj)
 16453 | Lair:2   | Noticed a moth of wrath
 16472 | Lair:2   | Reached skill level 9 in Invocations
 16484 | Lair:2   | Reached skill level 8 in Armour
 16507 | Lair:2   | Noticed Gastronok
 16625 | Lair:2   | Noticed Fannar
 17072 | Lair:1   | Reached skill level 11 in Fighting
 17670 | Lair:1   | Killed Gastronok
 17670 | Lair:1   | Reached skill level 9 in Armour
 17670 | Lair:1   | Reached skill level 10 in Invocations
 17823 | Lair:2   | Found a hole to the Spider Nest.
 17860 | Lair:1   | HP: 25/102 [poisoned by a redback]
 17865 | Lair:1   | HP: 23/102 [poisoned by a redback]
 17870 | Lair:1   | HP: 21/102 [poisoned by a redback]
 17875 | Lair:1   | HP: 22/102 [poisoned by a redback]
 17882 | Lair:1   | HP: 23/102 [poisoned by a redback]
 18118 | Lair:1   | Reached XP level 12. HP: 99/110 MP: 19/19
 18125 | Lair:1   | Learned a level 5 spell: Fireball
 18343 | Lair:2   | Killed Fannar
 18983 | Lair:3   | Noticed Sonja
 18997 | Lair:3   | Noticed Sonja
 18997 | Lair:3   | Sonja changed into Sonja the yak
 19004 | Lair:2   | Killed Sonja the yak
 19051 | Lair:2   | Reached skill level 11 in Invocations
 19157 | Lair:2   | Reached skill level 12 in Fighting
 19469 | Lair:3   | Found a staircase to the Shoals.
 19836 | Lair:3   | Reached skill level 10 in Armour
 19841 | Lair:3   | Reached ***** piety under Beogh
 20591 | Lair:4   | Noticed Nessos
 20591 | Lair:4   | Noticed Urug
 20736 | Lair:4   | Reached skill level 12 in Invocations
 20884 | Lair:4   | Killed Urug
 20924 | Lair:4   | Reached skill level 1 in Polearms
 21074 | Lair:4   | Reached skill level 2 in Polearms
 21076 | Lair:4   | Reached skill level 13 in Fighting
 21205 | Lair:4   | Noticed Nessos
 21205 | Lair:4   | Nessos changed into Nessos the dream sheep
 21209 | Lair:4   | Killed Nessos the dream sheep
 21789 | Lair:4   | Reached skill level 3 in Polearms
 21826 | Lair:5   | Noticed an entropy weaver
 21830 | Lair:5   | Killed an entropy weaver
 21830 | Lair:5   | Reached XP level 13. HP: 122/122 MP: 21/22
 21888 | Lair:5   | Noticed an entropy weaver
 21896 | Lair:5   | Reached skill level 4 in Polearms
 22143 | Lair:5   | Killed an entropy weaver
 22143 | Lair:5   | Reached skill level 13 in Invocations
 23120 | Lair:6   | Entered Level 6 of the Lair of Beasts
 23130 | Lair:5   | HP: 21/123 [black mamba (13)]
 23278 | Lair:5   | Reached skill level 5 in Polearms
 23677 | Lair:5   | HP: 20/123 [cane toad (20)]
 23978 | Lair:5   | Reached skill level 14 in Fighting
 24385 | Lair:6   | Reached skill level 6 in Polearms
 24799 | Lair:6   | Found a staircase to the Slime Pits.
 24832 | Lair:6   | Reached skill level 14 in Invocations
 25238 | Orc:1    | Entered Level 1 of the Orcish Mines
 25238 | Orc:1    | Found Loged's Armour Emporium.
 25269 | Orc:1    | Bought quicksilver dragon scales for 720 gold pieces
 25351 | Orc:2    | Entered Level 2 of the Orcish Mines
 25351 | Orc:2    | Noticed an orc warlord
 25373 | Orc:1    | Killed an orc warlord
 25572 | Orc:2    | Found a staircase to the Elven Halls.
 26005 | Orc:2    | Found Jasoled's Armour Shop.
 26025 | Orc:2    | Reached skill level 7 in Polearms
 26031 | Orc:2    | Gained Orbeogh as an ally
 26037 | Orc:2    | Your ally Orbeogh died
 26047 | Orc:2    | Found Muklekob's Armour Shoppe.
 26047 | Orc:2    | Gained Zorug as an ally
 26170 | Orc:2    | Found Pesixt's General Store.
 26194 | Orc:2    | Found Ajeosapt's General Store.
 26283 | Orc:1    | Noticed Erolcha
 26532 | Orc:1    | Killed Erolcha
 26772 | Orc:1    | Noticed Erica
 26785 | Orc:2    | Killed Erica
 27042 | D:10     | Reached XP level 14. HP: 105/133 MP: 24/24
 27789 | D:12     | Noticed Nergalle
 27799 | D:11     | Killed Nergalle
 28478 | D:12     | Found a radiant altar of Vehumet.
 28478 | D:12     | Found a stormy altar of Qazlal.
 28487 | D:12     | Reached skill level 8 in Polearms
 28489 | D:12     | Noticed a sphinx
 28520 | D:12     | Reached skill level 15 in Fighting
 28538 | D:12     | Killed a sphinx
 28602 | D:12     | Reached skill level 15 in Invocations
 29151 | D:13     | Found Koopluarr's Distillery.
 29259 | D:13     | Bought a potion of curing for 39 gold pieces
 29259 | D:13     | Bought a potion of curing for 39 gold pieces
 29259 | D:13     | Bought 3 potions of curing for 117 gold pieces
 29259 | D:13     | Bought a potion of heal wounds for 65 gold pieces
 29259 | D:13     | Bought 2 potions of curing for 78 gold pieces
 29318 | D:13     | Reached ****** piety under Beogh
 30675 | D:14     | Gained Olfrun as an ally
 30698 | D:14     | Reached skill level 9 in Polearms
 31141 | D:14     | Found a shadowy altar of Dithmenos.
 31701 | D:14     | Found a gate to the Vaults.
 32565 | Spider:1 | Entered Level 1 of the Spider Nest
 32592 | Spider:1 | Reached skill level 10 in Polearms
 32876 | Spider:1 | Found a runed translucent gate.
 32876 | Spider:1 | Found a runed translucent gate.
 32876 | Spider:1 | Found a runed translucent gate.
 32876 | Spider:1 | Noticed brasw1bg's ghost (adept PaDe)
 32944 | Spider:1 | Noticed an emperor scorpion
 32957 | Spider:1 | Killed an emperor scorpion
 33069 | Lair:2   | Upgraded the game from 0.26-a0-415-g2a96157 to
                  | 0.26-a0-498-g0fdccc9
 33216 | Orc:2    | Bought the +0 helmet of the Trout {rPois rC- rCorr} for 257
                  | gold pieces
 33496 | Spider:1 | Reached skill level 16 in Invocations
 33626 | Spider:1 | Reached skill level 16 in Fighting
 33651 | Spider:1 | Reached XP level 15. HP: 144/144 MP: 26/27
 33838 | Spider:1 | Reached skill level 11 in Polearms
 34363 | Spider:1 | HP: 36/144 [demonic crawler (4)]
 34366 | Spider:1 | HP: 17/144 [demonic crawler (4)]
 35433 | Spider:2 | Found a runed translucent gate.
 35434 | Spider:2 | Found a runed translucent gate.
 35616 | Spider:2 | Found a runed translucent gate.
 35621 | Spider:2 | Noticed Ukyge's ghost (adept VSNe)
 35719 | Spider:2 | Reached skill level 12 in Polearms
 36479 | Spider:3 | Noticed Bai Suzhen
 36492 | Spider:3 | Killed Bai Suzhen
 36492 | Spider:3 | Gained Ortolf as an ally
 36493 | Spider:3 | Noticed an emperor scorpion
 36500 | Spider:3 | Killed an emperor scorpion
 36500 | Spider:3 | Reached skill level 17 in Invocations
 36821 | Spider:4 | Entered Level 4 of the Spider Nest
 37013 | Spider:4 | Reached skill level 13 in Polearms
 37290 | Spider:4 | Killed a ghost moth
 37459 | Spider:4 | Gained Olfrun as an ally
 37508 | Spider:4 | Reached skill level 17 in Fighting
 37551 | Spider:4 | HP: 36/147 [spark wasp (13)]
 37566 | Spider:4 | HP: 28/147 [wolf spider (10)]
 37569 | Spider:4 | Reached XP level 16. HP: 27/155 MP: 28/28
 37572 | Spider:4 | HP: 23/155 [entropy weaver (4)]
 37572 | Spider:4 | HP: 3/155 [wolf spider (10)]
 37573 | Spider:4 | HP: 1/155 [entropy weaver (2)]
 37574 | Spider:4 | Slain by a wolf spider

Illustrated notes

Levels and vault maps discovered:
D:1:      lightli_molten_gateway, layout_loops_corners
D:2:      layout_basic, minmay_door_square
D:3:      layout_basic, nicolae_qazlal_style_of_elements,
          gammafunk_temple_overflow_arena
D:4:      old_forge, layout_cave_pools, nicolae_overflow_crystal_walls,
          solitary_fountain, uniq_sigmund
D:5:      layout_cave_pools, old_standard_altar, mrwooster_statue_mirror,
          bloody_trog
D:6:      layout_gridville, minitemple, vehumet_crystals, uniq_grinder
D:7:      layout_loops_cross, temple_doors_e, enter_bailey_8,
          hangedman_decor_growths, minmay_diced_spiral, uniq_duvessa
D:8:      layout_rooms, kennysheep_little_box, lemuel_coloured_pillars_altar,
          lair_entry_dummy, elyvilon_altar_5, uniq_maurice, uniq_prince_ribbit1
D:9:      layout_irregular_city, zin_academy, zombieorc2_lemuel,
          kennysheep_generic_room_13
D:10:     layout_cross, serial_shops, shop, hangedman_glass_teeth
D:11:     layout_small_grid, hangedman_decor_diamond_cutter
D:12:     layout_loops_cross, drop_trap, jmf_multi_god_temple, uniq_nergalle
D:13:     layout_small_grid, serial_shops, nicolae_shop_waterfront
D:14:     layout_long_grid, grunt_vaults_entry_fortified,
          grunt_dithmenos_smoke_and_mirrors, serial_park_tiny_1,
          kennysheep_diamond
Lair:1:   layout_roguey, hibernation_bobbens
Lair:2:   layout_cave_pods, spider_nest_entry_webs,
          gammafunk_ghost_wrathful_warriors, serial_bayou_pond_e, uniq_fannar,
          uniq_gastronok
Lair:3:   layout_loops_ring, minmay_shoals_entry_hut, special_room
          [special_room_bee], beast_lair_carwin_10, lemuel_fruit_tree,
          grunt_megastairs_3, uniq_sonja
Lair:4:   layout_roguey, uniq_urug, uniq_nessos
Lair:5:   layout_cave_pods, minmay_another_anthill
Lair:6:   evil_forest, layout_regular_city, minmay_slime_entry_eyes
Spider:1: layout_spider_delve, ebering_ghost_rock_garden
Spider:2: layout_spider_delve, gammafunk_ghost_necromancy
Spider:3: layout_spider_delve, uniq_bai_suzhen
Spider:4: grunt_spider_rune_parallel, nicolae_spider_shape
Orc:1:    layout_diamond_mine, serial_shops,
          nicolae_shop_temple_entry_statues_fountains, uniq_erolcha, uniq_erica
Orc:2:    st_orc_elflike, layout_diamond_mine

Skill      XL: |  1  2  3  4  5  6  7  8  9 10 11 12 13 14 15 |
---------------+----------------------------------------------+-----
Conjurations   | 2 3 4 5 7 8 |  8.0
Spellcasting   | 2 3 |  3.5
Fire Magic     | 4 5 7 8 |  8.1
Fighting       | 1 4 7 9 11 13 14 16 17 | 17.0
Armour         | 3 6 9 10 | 10.6
Invocations    | 3 7 10 12 14 16 17 | 17.2
Polearms       | 3 7 10 13 | 13.3
Dodging        | |  1.5
Stealth        | |  1.5

Action                   |  1- 3 |  4- 6 |  7- 9 | 10-12 | 13-15 | 16-18 || total
-------------------------+-------+-------+-------+-------+-------+-------++-------
Melee: Dagger            |    45 |       |       |       |       |       ||    45
       Unarmed           |     3 |       |       |       |       |       ||     3
       Trident           |       |    63 |   188 |   393 |       |       ||   644
       Demon trident     |       |       |       |    67 |   810 |     5 ||   882
Throw: Javelin           |       |       |       |    20 |    32 |       ||    52
 Cast: Foxfire           |    37 |    30 |   173 |    87 |     3 |       ||   330
       Conjure Flame     |       |       |     1 |     1 |       |       ||     2
       Sticky Flame      |       |       |     3 |    64 |     9 |       ||    76
Invok: Convert to Beogh  |       |     1 |       |       |       |       ||     1
       Smiting           |       |       |       |     7 |    45 |       ||    52
       Recall Orcish Fol |       |       |       |     4 |    22 |       ||    26
       Give Item to Name |       |       |       |     1 |     2 |       ||     3
Evoke: Wand              |       |       |     5 |     6 |     8 |       ||    19
  Use: Scroll            |       |     4 |    12 |    18 |    16 |       ||    50
       Potion            |       |       |     1 |     3 |     8 |       ||    12
 Stab: Sleeping          |     5 |     1 |       |       |     1 |       ||     7
       Paralysed         |       |       |     2 |    14 |     5 |       ||    21
       Distracted        |       |       |       |     4 |     4 |       ||     8
       Confused          |       |       |       |       |     3 |       ||     3
Armor: Robe              |     8 |     1 |     9 |   212 |    75 |       ||   305
       Leather armour    |       |     3 |       |       |       |       ||     3
       Ring mail         |       |     7 |    86 |       |       |       ||    93
       Quicksilver drago |       |       |       |       |   757 |     9 ||   766
Dodge: Dodged            |    49 |    38 |   168 |   473 |   640 |     8 ||  1376

Table legend: (Time is in decaauts)
 A = Elapsed time spent in this place.
 B = Non-inter-level travel time spent in this place.
 C = Inter-level travel time spent in this place.
 D = Time resting spent in this place.
 E = Time spent auto-exploring this place.
 F = Levels seen in this place.
 G = Mean time per level.
                   A        B        C        D        E       F      G
               +--------+--------+--------+--------+--------+-----+--------+
         Total |  37899 |  36042 |   1857 |  14172 |  11902 |  26 | 1457.7 |
       Dungeon |  21922 |  20666 |   1256 |   8308 |   8046 |  14 | 1565.9 |
          Lair |   9555 |   9259 |    296 |   2884 |   2799 |   6 | 1592.5 |
   Spider Nest |   4589 |   4502 |     87 |   2279 |    587 |   4 | 1147.2 |
  Orcish Mines |   1831 |   1614 |    217 |    701 |    470 |   2 |  915.5 |
               +--------+--------+--------+--------+--------+-----+--------+

Top non-repeatable levels by time:
  Lair:5: 2413 daAuts
     D:9: 2288 daAuts
     D:6: 2270 daAuts
Spider:1: 2185 daAuts
     D:4: 2046 daAuts
     D:8: 1911 daAuts
    D:14: 1892 daAuts
     D:7: 1798 daAuts
  Lair:1: 1766 daAuts
  Lair:2: 1736 daAuts
     D:3: 1714 daAuts
     D:1: 1502 daAuts
  Lair:3: 1480 daAuts
    D:12: 1291 daAuts
    D:13: 1229 daAuts

Table legend:
 A = Kills in this place as a percentage of kills in entire the game.
 B = Kills by you in this place as a percentage of kills by you in the entire game.
 C = Kills by friends in this place as a percentage of kills by friends in the entire game.
 D = Other kills in this place as a percentage of other kills in the entire game.
 E = Experience gained in this place as a percentage of experience gained in the entire game.
 F = Experience gained in this place divided by the number of levels of this place that you have seen.
                   A       B       C       D       E      F
               +-------+-------+-------+-------+-------+----------------------
         Total | 100.0 | 100.0 | 100.0 | 100.0 | 100.0 | 4963.8
       Dungeon |  47.9 |  58.9 |  33.1 | 100.0 |  27.4 | 2529.1
          Lair |  26.6 |  20.6 |  34.7 |   0.0 |  28.2 | 6061.3
   Spider Nest |  20.3 |  19.0 |  22.0 |   0.0 |  39.1 | 12625.0
  Orcish Mines |   5.2 |   1.4 |  10.2 |   0.0 |   5.3 | 3392.5
               +-------+-------+-------+-------+-------+----------------------
